 Dungeon Crawl Stone Soup version 0.31-a0-983-g7b6862f502 (webtiles) character file.

Game seed: 17890561775100935068

75 lunkers the Insei (level 3, -1/39 (40) HPs)
             Began as a Demigod Shapeshifter on Nov 2, 2023.
             Slain by Natasha (5 damage)
             ... on level 2 of the Dungeon.
             The game lasted 00:01:56 (730 turns).

lunkers the Insei (Demigod Shapeshifter)             Turns: 730, Time: 00:01:57

HP:   -1/39 (40)    AC: 21    Str: 15    XL:     3   Next: 88%
MP:   5/5           EV:  2    Int: 12    God:
Gold: 58            SH:  0    Dex: 17    Spells: 2/2 levels left

rFire   . .          .
                       - Unarmed
rCold   . . .        (no shield)
rNeg    . . .        g - melded +0 chain mail
rPois   +            (helmet currently unavailable)
rElec   .            (cloak currently unavailable)
rCorr   .            (gloves currently unavailable)
SInv    .            (boots currently unavailable)
Will    .....        i - amulet of regeneration
Stlth   ++           (no ring)
HPRegen 1.06/turn    (no ring)
MPRegen 0.09/turn

%: no passive effects
@: tree-form, slowed, lightly drained, very slow
A: stationary, stasis, torment immunity, boosted hp, high MP 1, forlorn, divine
attributes
a: no special abilities


You were on level 2 of the Dungeon.
You were a tree.
You visited 1 branch of the dungeon, and saw 2 of its levels.

You collected 58 gold pieces.

Inventory:

Armour
 g - a +0 chain mail (melded)
Jewellery
 i - an amulet of regeneration (around neck)
Talismans
 c - a beast talisman
 d - a flux talisman
Scrolls
 f - a scroll of torment {unknown}
 k - a scroll of teleportation {unknown}
 o - a scroll of fear {unknown}
Potions
 e - 2 potions of haste {unknown}
 h - a potion of brilliance {unknown}
 j - a potion of degeneration {unknown}
 l - 2 potions of enlightenment {unknown}
 m - a potion of curing {unknown}
 n - a potion of heal wounds {unknown}


   Skills:
 - Level 0.8 Fighting
 - Level 1.7 Dodging
 * Level 4.0 Unarmed Combat
 + Level 3.3 Shapeshifting


You had 2 spell levels left.
You didn't know any spells.
Your spell library contained the following spells:

 Spells                   Type           Power      Damage    Failure   Level
 Gell's Gravitas          Tloc           0%         N/A       69%         3
 Teleport Other           Tloc           0%         N/A       69%         3
 Dispersal                Tloc           0%         N/A       100%        6


Dungeon Overview and Level Annotations

Branches:
Dungeon (2/15)

Annotations:
D:2 Natasha


Innate Abilities, Weirdness & Mutations

You are a tree.
Your roots penetrate the ground, keeping you stationary.
You cannot be teleported.
You are immune to unholy pain and torment.
Your maximum health is greatly increased.
Your equipment is partially melded.
You have an increased reservoir of magic. (+10% MP)
You shall have no god before yourself.
Your divine heritage dramatically boosts your attributes as you level up.


Message History

* * * LOW HITPOINT WARNING * * *
The kobold hits you but does no damage. The goblin completely misses you.
The cerulean imp hits you but does no damage.
The giant cockroach bites you but does no damage.
You barely miss Natasha.
Natasha is heavily wounded.
Natasha claws you but does no damage.
The cerulean imp hits you but does no damage. x2
The kobold hits you but does no damage. The goblin hits you but does no damage.
The giant cockroach bites you but does no damage.
The cerulean imp hits you but does no damage.
Unknown command.
You barely miss Natasha.
Natasha is heavily wounded.
Natasha stares at you and mumbles some strange words.
You feel yourself slow down.
The cerulean imp hits you but does no damage. x2
The kobold hits you but does no damage. The goblin hits you but does no damage.
The giant cockroach bites you but does no damage.
The cerulean imp hits you but does no damage.
Unknown command.
You closely miss Natasha.
Natasha is heavily wounded.
The giant cockroach bites you but does no damage.
Natasha casts a spell at you. The magic dart hits you!
* * * LOW HITPOINT WARNING * * *
The cerulean imp hits you from afar with a +1 spear.
* * * LOW HITPOINT WARNING * * *
The cerulean imp hits you but does no damage.
The kobold hits you but does no damage. The goblin hits you but does no damage.
The cerulean imp hits you but does no damage.
You barely miss Natasha.
Natasha is heavily wounded.
The cerulean imp disappears in a puff of smoke!
The giant cockroach bites you but does no damage.
The cerulean imp hits you but does no damage.
Natasha claws you.
You die...
Natasha begins licking her fur clean.

.+ .#
#####'#'#### .# #
#........... .#
.###...........
.# ..............
...#
#............
####
#......5.....
#....hB§.?...
#####...K♣.5.....
.
....$.?.#.g######
. #####.#.#..#
.#.# .. #.#..###
##.#.# ...
#.#.... .....#
#.. #<##.## ...#
#. #.†..# )..## #
#.#### #.... #.#


You could see Natasha, 2 cerulean imps, a giant cockroach, a goblin and a
kobold.

Vanquished Creatures
  Natasha (D:2)
  An adder (D:2)
  4 bats
  5 endoplasms
  A giant cockroach (D:1)
  3 hobgoblins (D:1)
  3 jackals (D:1)
  A kobold (D:1)
  A quokka (D:1)
  7 ball pythons
  A frilled lizard (D:1)
  6 goblins
  4 rats (D:1)
38 creatures vanquished.

Notes
Turn   | Place    | Note
-------+----------+-------------------------------------------
     0 | D:1      | lunkers the Demigod Shapeshifter began the quest for the
                  | Orb.
     0 | D:1      | Reached XP level 1. HP: 15/15 MP: 3/3
    91 | D:1      | Reached skill level 3 in Unarmed Combat
   157 | D:1      | Reached XP level 2. HP: 20/22 MP: 4/4
   547 | D:2      | Noticed Natasha
   555 | D:2      | Killed Natasha
   556 | D:2      | Reached XP level 3. HP: 16/27 MP: 5/5
   708 | D:2      | Noticed Natasha
   718 | D:2      | Reached skill level 4 in Unarmed Combat
   730 | D:2      | Slain by Natasha

Illustrated notes

Levels and vault maps discovered:
D:1:      dpeg_arrival_ternary, layout_loops_ring
D:2:      layout_basic, chequers_ecumenical_altar_simple_redux, uniq_natasha

Skill      XL: |  1  2  3 |
---------------+----------+-----
Unarmed Combat | 3 4 |  4.0
Shapeshifting  | 3 |  3.3
Fighting       | |  0.8
Dodging        | |  1.7

Action                     || total
---------------------------++-------
  Melee: Unarmed           ||   137
         Punch             ||     4
    Use: Potion            ||     1
   Stab: Sleeping          ||     1
 Armour: Animal skin       ||     7
         Chain mail        ||   123
         Skin              ||    63
  Dodge: Dodged            ||    68

Table legend: (Time is in decaauts)
 A = Elapsed time spent in this place.
 B = Non-inter-level travel time spent in this place.
 C = Inter-level travel time spent in this place.
 D = Time resting spent in this place.
 E = Time spent auto-exploring this place.
 F = Levels seen in this place.
 G = Mean time per level.
                   A        B        C        D        E       F      G
               +--------+--------+--------+--------+--------+-----+--------+
         Total |    722 |    686 |     36 |      0 |    422 |   2 |  361.0 |
       Dungeon |    722 |    686 |     36 |      0 |    422 |   2 |  361.0 |
               +--------+--------+--------+--------+--------+-----+--------+

Top non-repeatable levels by time:
     D:1: 512 daAuts
     D:2: 210 daAuts
